 Dungeon Crawl Stone Soup version 0.30-a0-170-g85af917532 (webtiles) character file.

Game seed: 9170862189923021927

9 Nar the Ruffian (level 2, 0/24 HPs)
             Began as a Ghoul Gladiator on Sept 30, 2022.
             Slain by a worm (7 damage)
             ... on level 2 of the Dungeon.
             The game lasted 00:01:38 (299 turns).

Nar the Ruffian (Ghoul Gladiator)                    Turns: 299, Time: 00:01:40

Health: 0/24       AC:  4    Str: 17    XL:     2   Next: 16%
Magic:  1/1        EV:  9    Int:  3    God:
Gold:   27         SH:  0    Dex: 10    Spells: 1/1 levels left

rFire   . . .      SeeInvis .    i - +0 dagger (flame)
rCold   + . .      Faith    .    (no shield)
rNeg    + + +      Spirit   .    a - +0 leather armour
rPois   ∞          Reflect  .    b - +0 helmet
rElec   .          Harm     .    (no cloak)
rCorr   .          Rampage  .    (no gloves)
Will    .....                    (no boots)
Stlth   +.........               (no amulet)
HPRegen 0.00/turn                (no ring)
MPRegen 0.07/turn                (no ring)

@: inhibited regen, constricted
A: claws 1, cold resistance 1, negative energy resistance 3, inhibited
regeneration, torment resistance 2, devour on kill
a: no special abilities


You were on level 2 of the Dungeon.
You visited 1 branch of the dungeon, and saw 2 of its levels.

You collected 27 gold pieces.

Inventory:

Hand Weapons
 f - a +0 hand axe
 h - a +0 short sword
 i - a +0 dagger of flaming (weapon)
Missiles
 c - 3 throwing nets (quivered)
 d - a javelin
Armour
 a - a +0 leather armour (worn)
 b - a +0 helmet (worn)
Scrolls
 g - 2 scrolls of immolation
 j - 2 scrolls of teleportation
Potions
 e - a potion of curing {unknown}


   Skills:
 + Level 2.2 Fighting
 + Level 1.9 Throwing
 + Level 0.1 Armour
 + Level 2.8 Dodging
 + Level 3.6 Unarmed Combat


You had one spell level left.
You didn't know any spells.
Your spell library was empty.

Dungeon Overview and Level Annotations

Branches:
Dungeon (2/15)

Altars:
Hepliaklqana


Innate Abilities, Weirdness & Mutations

You are immune to poison.
You have sharp fingernails.
Your flesh is cold resistant. (rC+)
You are immune to negative energy. (rN+++)
You do not regenerate when monsters are visible.
You are immune to unholy pain and torment.
You thrive by killing the living.


Message History

Your surroundings suddenly seem different.
An endoplasm comes into view.
The endoplasm quivers.
The endoplasm jiggles.
The endoplasm moves out of view.
The endoplasm closely misses you.
The endoplasm hits you but does no damage.
You hit the endoplasm. You burn the endoplasm.
The endoplasm is almost dead.
The endoplasm barely misses you.
You hit the endoplasm but do no damage.
The endoplasm is almost dead.
The endoplasm closely misses you.
You hit the endoplasm. You burn the endoplasm.
You kill the endoplasm!
There is an escape hatch in the floor here.
You slide downwards.
The hatch slams shut behind you.
The adder hisses angrily.
The ball python hisses angrily.
Found 12 gold pieces, a scroll labelled VAULUL PAUMUHY and a runed mace.
Found a hazy altar of Hepliaklqana.
Found two stone staircases leading up.
A goblin comes into view. It is wielding a +0 dagger.
Found 7 gold pieces.
The ball python barely misses you. The ball python grabs you.
The ball python constricts you. The worm bites you!
You hit the worm. You burn the worm.
The worm is lightly wounded.
The ball python bites you but does no damage.
The ball python constricts you.
You barely miss the worm.
The worm is lightly wounded.
An adder comes into view.
The ball python completely misses you. The ball python constricts you.
The worm bites you.
* * * LOW HITPOINT WARNING * * *
The adder hisses angrily.
You hit the worm. You burn the worm.
The worm is moderately wounded.
The ball python barely misses you. The ball python constricts you.
The adder bites you but does no damage. The ball python closely misses you.
The ball python constricts you. The worm bites you!
You die...

#. ..$ .?# #
##.###
##.#####<.....
#.......g.....
#.............
#.....@...####
.......SwS...#
..........##.S..
)........$# ...
.#......... _.
..........#. .
.......<.....
..#.#...## .


You could see a worm, 2 adders, a goblin and a ball python.

Vanquished Creatures
  A ball python (D:1)
  2 endoplasms (D:1)
  A goblin (D:1)
  2 hobgoblins (D:1)
  2 frilled lizards (D:1)
8 creatures vanquished.

Notes
Turn   | Place    | Note
-------+----------+-------------------------------------------
     0 | D:1      | Nar the Ghoul Gladiator began the quest for the Orb.
     0 | D:1      | Reached XP level 1. HP: 17/17 MP: 0/0
   248 | D:1      | Reached XP level 2. HP: 15/24 MP: 1/1
   294 | D:2      | Found a hazy altar of Hepliaklqana.
   299 | D:2      | Slain by a worm

Illustrated notes

Levels and vault maps discovered:
D:1:      pf_arrival_petrified_forest, layout_basic,
          chequers_ecumenical_altar_twisty,
          nicolae_concentric_dashed_squares_wild, minmay_octomino_e4
D:2:      layout_rooms, basic_altar, uniq_natasha

Action                   || total
-------------------------++-------
Melee: Hand axe          ||    20
       Unarmed           ||    11
       Dagger            ||     6
  Use: Scroll            ||     2
Armor: Leather armour    ||     9
Dodge: Dodged            ||    29

Table legend: (Time is in decaauts)
 A = Elapsed time spent in this place.
 B = Non-inter-level travel time spent in this place.
 C = Inter-level travel time spent in this place.
 D = Time resting spent in this place.
 E = Time spent auto-exploring this place.
 F = Levels seen in this place.
 G = Mean time per level.
                   A        B        C        D        E       F      G
               +--------+--------+--------+--------+--------+-----+--------+
         Total |    303 |    301 |      2 |      0 |      0 |   2 |  151.5 |
       Dungeon |    303 |    301 |      2 |      0 |      0 |   2 |  151.5 |
               +--------+--------+--------+--------+--------+-----+--------+

Top non-repeatable levels by time:
     D:1: 298 daAuts
     D:2: 4 daAuts
